 Dungeon Crawl Stone Soup version 0.27.0-1-g7a089689b8 (webtiles) character file.

Game seed: 951732640445278258

247 EnegeticOcto the Chopper (level 5, -2/49 HPs)
             Began as a Deep Dwarf Fighter on Aug 2, 2021.
             Slain by an orc (3 damage)
             ... on level 4 of the Dungeon.
             The game lasted 00:00:54 (2144 turns).

EnegeticOcto the Chopper (Deep Dwarf Fighter)       Turns: 2144, Time: 00:00:55

Health: -2/49      AC:  7    Str: 20    XL:     5   Next: 85%
Magic:  5/5        EV:  7    Int:  9    God:
Gold:   145        SH:  0    Dex: 12    Spells: 4/4 levels left

rFire    . . .     SeeInvis .   a - +0 war axe
rCold    . . .     Faith    .   c - +0 kite shield
rNeg     . . .     Spirit   .   b - +0 scale mail
rPois    .         Reflect  .   (no helmet)
rElec    .         Harm     .   (no cloak)
rCorr    .         Rampage  .   (no gloves)
Will     .....                  (no boots)
Stlth    ..........             (no amulet)
HPRegen  0.00/turn              (no ring)
MPRegen  0.09/turn              (no ring)

@: confused
A: damage resistance, heal wounds, sense surroundings 1, no regeneration
a: Heal Wounds


You were on level 4 of the Dungeon.
You visited 1 branch of the dungeon, and saw 4 of its levels.

You collected 145 gold pieces.

Inventory:

Hand Weapons
 a - a +0 war axe (weapon)
Armour
 b - a +0 scale mail (worn)
 c - a +0 kite shield (worn)
Scrolls
 h - a scroll of enchant armour {unknown}
 i - 3 scrolls of identify {unknown}
 j - 2 scrolls of fear {unknown}
 l - a scroll of magic mapping {unknown}
 m - 3 scrolls of blinking {unknown}
 n - 2 scrolls of teleportation {unknown}
 q - a scroll of noise {unknown}
 r - a scroll of enchant weapon {unknown}
 s - a scroll of immolation {unknown}
Potions
 d - a potion of might {@q3}
 e - a potion of lignification {unknown}
 f - 2 potions of flight {unknown}
 g - 4 potions of curing {unknown}
 k - 2 potions of brilliance {unknown}
 o - a potion of invisibility {unknown}
 p - 2 potions of degeneration {unknown}


   Skills:
 + Level 3.6 Fighting
 * Level 4.6 Axes
 + Level 4.3 Armour
 + Level 4.3 Shields


You had 4 spell levels left.
You didn't know any spells.
Your spell library was empty.

Dungeon Overview and Level Annotations

Branches:
Dungeon (4/15)
 Temple: D:4-7

Altars:


Innate Abilities, Weirdness & Mutations

You are resistant to damage.
You can heal yourself by infusing magical energy.
You passively map a small area around you.
You do not regenerate.


Message History

No target in view!
No target in view!
No target in view!
No target in view!
No target in view!
No target in view!
No target in view!
No target in view!
No target in view!
No target in view!
No target in view!
No target in view!
n - 2 scrolls labelled EHIF UVOEL (gained 1)
Found 15 stones.
You see here 15 stones.
An orc and an orc priest come into view.
The orc priest shouts!
An orc comes into view. It is wielding a +0 flail.
There are monsters nearby!
There are monsters nearby!
There are monsters nearby!
There are monsters nearby!
There are monsters nearby!
You completely miss the orc.
Your shield and scale mail prevent you from hitting the orc.
The orc barely misses you. You block the orc's attack.
You hit the orc.
The orc is lightly wounded.
You block the orc's attack.
An orc wizard comes into view. It is wielding a +0 dagger.
The orc wizard shouts!
You hit the orc but do no damage.
The orc is lightly wounded.
You block the orc's attack.
An orc comes into view. It is wielding a +0 short sword.
The orc closely misses you.
You hit the orc but do no damage.
The orc is lightly wounded.
The orc barely misses you. You block the orc's attack.
The orc closely misses you.
You hit the orc but do no damage.
The orc is lightly wounded.
You hit the orc. The orc hits you with a +0 flail!
You barely miss the orc.
The orc is lightly wounded.
You hit the orc. You closely miss the orc wizard.
The orc hits you but does no damage. The orc barely misses you.
The orc wizard hits you but does no damage.
The orc hits you but does no damage. You block the orc's attack.
The orc priest calls upon Beogh to heal the orc.
The orc's wounds heal themselves!
You closely miss the orc.
The orc is lightly wounded.
You slash the orc wizard! You slash the orc!
You kill the orc!
You block the orc wizard's attack. You block the orc's attack.
The orc wizard casts a spell at you.
You are confused.
The orc hits you with a +0 mace.
You are too confused!
You are too confused!
You are too confused!
You are too confused!
You are too confused!
You are too confused!
You are too confused!
You are too confused!
You are too confused!
You are too confused!
You are too confused!
You are too confused!
You are too confused!
You are too confused!
You are too confused!
You are too confused!
You are too confused!
You are too confused!
You are too confused!
You are too confused!
You miss the orc wizard.
The orc wizard is heavily wounded.
You hit the orc but do no damage. You barely miss the orc.
The orc hits you but does no damage. The orc barely misses you.
The orc wizard hits you with a +0 dagger.
The orc hits you with a +0 short sword.
The orc priest mumbles some strange prayers to Beogh against you.
Beogh smites you!
* * * LOW HITPOINT WARNING * * *
You bump into the rock wall.
The orc hits you but does no damage.
The orc wizard hits you with a +0 dagger.
The orc hits you but does no damage.
The orc priest calls down the wrath of Beogh upon you.
Beogh smites you!
* * * LOW HITPOINT WARNING * * *
You bump into the rock wall.
The orc barely misses you.
The orc wizard hits you with a +0 dagger.
The orc hits you with a +0 short sword.
* * * LOW HITPOINT WARNING * * *
You bump into the rock wall.
The orc hits you with a +0 mace.
You die...

, , * .# , *
,... <* * #.# *
* * * #.## * *
,,, , ..., ,..#
#, #.# # #.#
#.##o##.# #.# *
#oo@o...# #.# *
####.#### #.#
#(# #.# #.# #.#
#.# #<# #.# #.#
* #.# #.# * *
##.########.###
*
#..........††.#


You could see an orc priest, an orc wizard and 2 orcs.

Vanquished Creatures
  An orc priest (D:3)
  A jelly (D:4)
  A bullfrog skeleton (D:4)
  A hound (D:3)
  A hound skeleton (D:4)
  4 adders
  A worm (D:2)
  2 dart slugs
  3 orcs
  5 ball pythons
  2 bats (D:1)
  4 endoplasms (D:1)
  5 giant cockroaches
  4 goblins
  7 hobgoblins
  6 jackals
  3 quokkas
  3 frilled lizards
  6 kobolds
  5 rats
65 creatures vanquished.

Notes
Turn   | Place    | Note
-------+----------+-------------------------------------------
     0 | D:1      | EnegeticOcto the Deep Dwarf Fighter began the quest for the
                  | Orb.
     0 | D:1      | Reached XP level 1. HP: 20/20 MP: 1/1
   113 | D:1      | Reached XP level 2. HP: 24/27 MP: 2/2
   501 | D:1      | Reached XP level 3. HP: 23/34 MP: 3/3
  1067 | D:2      | Reached XP level 4. HP: 39/42 MP: 4/4
  1370 | D:3      | Reached XP level 5. HP: 49/49 MP: 5/5
  2142 | D:4      | HP: 2/49 [orc priest/divine providence (10)]
  2144 | D:4      | Slain by an orc

Illustrated notes

Levels and vault maps discovered:
D:1:      minmay_arrival_four_houses, layout_rooms, minmay_heptomino_h4
D:2:      layout_loops_ring
D:3:      layout_loops_ring, serial_rivers, chequers_serial_rivers_marsh,
          chequers_serial_rivers_small_b, chequers_serial_rivers_micro_c,
          chequers_serial_rivers_micro_e, chequers_serial_rivers_small_b
D:4:      layout_loops_ring, uniq_blork_the_orc

Skill      XL: |  1  2  3  4 |
---------------+-------------+-----
Axes           | 3 4 |  4.6
Fighting       | 3 |  3.6
Shields        | 4 |  4.3
Armour         | 4 |  4.3

Action                   |  1- 3 |  4- 6 || total
-------------------------+-------+-------++-------
Melee: War axe           |   123 |   111 ||   234
 Abil: Heal Wounds       |     1 |     3 ||     4
Armor: Scale mail        |    65 |    62 ||   127
Dodge: Dodged            |    48 |    45 ||    93
Block: Kite shield       |    61 |    77 ||   138
